AoeStats
← JAM

Fortress

508734838Analyzed
4v4 RM · 8d ago on Sep 23, 2026· 86m 10s· 8 players
Game mode
Random Map
Map size
Huge
Population
200
Speed
Normal
Resources
Standard
Victory
Conquest
Starting age
Dark Age
Ending age
Imperial Age
RankedLock teamsTeams togetherTeam positionsShared explorationLock speedFull tech treeHidden civsTurbo modeCheats
Victory
Defeat
🇵🇪 Saracens · Peru
1194
+16
🇲🇽 Huns · Mexico
1192
+16
🇸🇪 Dravidians · Sweden
1177
+17
🇸🇪 Persians · Sweden
1145
+18
🇩🇪 Varangians · Germany
1231
-18
🇩🇪 Cumans · Germany
1223
-17
🇩🇪 Danes · Germany
1184
-16
🇩🇪 Khmer · Germany
1169
-16
[GDL] Maldito Pantoja
9:09 Feudal Age
10:46 Wheelbarrow
10:48 Loom
13:48 Castle Age
13:13 Scale Barding Armor
14:32 Marauders
18:48 Bloodlines
19:01 Husbandry
20:09 Double-Bit Axe
21:19 Forging
22:10 Gold Mining
25:45 Horse Collar
26:16 Bow Saw
27:42 Heavy Plow
28:24 Gold Shaft Mining
33:26 Imperial Age
30:25 Pikeman
31:06 Squires
31:07 Scale Mail Armor
32:13 Fletching
32:23 Padded Archer Armor
32:14 Fletching
32:51 Bodkin Arrow
34:51 Leather Archer Armor
34:37 Bracer
34:56 Halberdier
36:30 Chain Mail Armor
36:51 Iron Casting
37:28 Heavy Cavalry Archer
39:14 Chemistry
39:59 Blast Furnace
38:23 Capped Ram
39:48 Arson
40:09 Siege Ram
42:16 Parthian Tactics
41:57 Thumb Ring
48:18 Ballistics
52:42 Chain Barding Armor
53:06 Caravan
53:24 Light Cavalry
54:27 Hussar
57:57 Man-at-Arms
59:37 Hand Cart
59:08 Town Watch
60:40 Plate Barding Armor
66:31 Town Patrol
66:46 Masonry
75:08 Two-Man Saw
73:59 Stone Mining
74:27 Long Swordsman
85:09 Careening
85:10 Clinker Construction
85:22 Atheism
85:23 Conscription
84:23 Elite Tarkan
86:26 Coinage
86:08 Guilds
85:55 Sappers
85:51 Spies/Treason
Murmeldjuret. ®
1:41 Loom
6:59 Feudal Age
12:04 Castle Age
18:40 Horse Collar
22:22 Wheelbarrow
23:24 Bloodlines
24:36 Forging
25:20 Heavy Plow
29:20 Imperial Age
28:11 Hand Cart
28:18 Town Watch
28:52 Caravan
29:26 Scale Barding Armor
29:10 Cavalier
33:28 Iron Casting
33:12 Husbandry
32:33 Savar
33:38 Chain Barding Armor
35:32 Blast Furnace
44:51 Light Cavalry
56:36 Hussar
58:20 Plate Barding Armor
64:55 Town Patrol
70:09 Crop Rotation
70:43 Double-Bit Axe
76:34 Heavy Camel Rider
Murkeldjuret. ®
7:06 Feudal Age
12:02 Castle Age
11:00 Double-Bit Axe
11:07 Gold Mining
11:18 Stone Mining
12:18 Loom
15:21 Wheelbarrow
17:22 Bow Saw
20:55 Horse Collar
23:10 Hand Cart
22:56 Murder Holes
23:13 Fortified Wall
23:59 Heavy Plow
25:16 Husbandry
25:40 Caravan
29:06 Imperial Age
26:44 Fletching
28:11 Thumb Ring
30:13 Ballistics
30:54 Chemistry
29:52 Bodkin Arrow
29:58 Padded Archer Armor
30:26 Elite Elephant Archer
33:16 Two-Man Saw
32:32 Bracer
32:47 Leather Archer Armor
33:41 Conscription
33:29 Medical Corps
36:37 Elite Skirmisher
46:35 Ring Archer Armor
53:49 Scale Mail Armor
53:59 Forging
53:22 Pikeman
54:03 Squires
53:48 Arson
54:21 Halberdier
55:27 Gambesons
57:23 Chain Mail Armor
57:44 Iron Casting
62:35 Plate Mail Armor
63:06 Blast Furnace
85:48 Spies/Treason
El Botascha 2.0
1:23 Loom
7:26 Feudal Age
8:16 Double-Bit Axe
8:14 Horse Collar
13:23 Castle Age
16:01 Wheelbarrow
15:59 Heavy Plow
20:42 Scale Barding Armor
21:02 Town Watch
22:46 Bow Saw
23:54 Forging
24:50 Fortified Wall
26:31 Bloodlines
29:15 Imperial Age
27:12 Hand Cart
28:12 Chain Barding Armor
28:30 Iron Casting
27:56 Scale Mail Armor
28:17 Fletching
28:28 Padded Archer Armor
28:29 Gold Mining
28:31 Stone Mining
29:37 Sanctity
29:37 Man-at-Arms
30:02 Gambesons
30:04 Arson
31:25 Blast Furnace
31:05 Gold Shaft Mining
31:34 Chemistry
30:31 Murder Holes
30:48 Masonry
30:42 Husbandry
32:15 Two-Man Saw
32:10 Plate Barding Armor
32:04 Elite Mameluke
33:05 Conscription
34:05 Chain Mail Armor
35:34 Hoardings
35:32 Bodkin Arrow
35:16 Light Cavalry
36:27 Bracer
36:42 Leather Archer Armor
36:57 Plate Mail Armor
35:54 Capped Ram
36:56 Hussar
43:16 Heavy Camel Rider
44:51 Siege Ram
47:28 Bimaristan
48:28 Plate Mail Armor
48:28 Ring Archer Armor
49:43 Caravan
50:13 Coinage
54:09 Banking
67:50 Long Swordsman
71:48 Squires
71:09 Two-Handed Swordsman
71:09 Pikeman
74:10 Champion
JAM
1:18 Loom
8:24 Feudal Age
8:54 Double-Bit Axe
9:23 Horse Collar
16:40 Castle Age
15:01 Scale Mail Armor
15:12 Forging
14:54 Arson
15:58 Gold Mining
16:00 Stone Mining
17:46 Squires
18:58 Gambesons
19:45 Chain Mail Armor
23:21 Fortified Wall
25:12 Heavy Plow
25:45 Bow Saw
29:16 Iron Casting
29:43 Wheelbarrow
31:35 Hand Cart
35:56 Imperial Age
33:16 Town Watch
33:26 Fletching
34:58 Murder Holes
35:24 Ballistics
35:31 Caravan
36:07 Elite Varangian Guard
36:21 Gothikon
38:47 Stone Shaft Mining
44:50 Plate Mail Armor
45:41 Blast Furnace
47:59 Bodkin Arrow
54:20 Pikeman
59:13 Crop Rotation
60:12 Elite Skirmisher
Est.in1974
9:08 Feudal Age
13:34 Castle Age
11:28 Loom
11:40 Horse Collar
13:08 Double-Bit Axe
15:39 Loom
18:05 Bow Saw
18:10 Heavy Plow
20:22 Bloodlines
20:26 Steppe Husbandry
23:06 Scale Barding Armor
23:12 Forging
25:07 Gold Mining
25:08 Stone Mining
26:59 Wheelbarrow
29:14 Imperial Age
28:01 Iron Casting
28:21 Hand Cart
29:10 Chain Barding Armor
29:25 Elite Steppe Lancer
31:08 Blast Furnace
31:09 Town Watch
32:05 Plate Barding Armor
32:47 Two-Man Saw
33:40 Fletching
34:40 Caravan
43:24 Light Cavalry
49:48 Crop Rotation
48:45 Hussar
52:39 Capped Ram
63:32 Bodkin Arrow
63:16 Siege Ram
Tormentor
5:52 Loom
8:25 Feudal Age
11:17 Castle Age
9:10 Double-Bit Axe
9:32 Horse Collar
12:41 Wheelbarrow
12:11 Heavy Plow
14:55 Bow Saw
20:01 Hand Cart
19:32 Town Watch
20:30 Husbandry
20:56 Bloodlines
23:44 Scale Barding Armor
23:50 Forging
23:30 Fletching
24:45 Town Patrol
25:26 Stone Mining
25:27 Gold Mining
27:10 Iron Casting
26:31 Bodkin Arrow
27:23 Stone Shaft Mining
27:24 Gold Shaft Mining
28:29 Caravan
33:01 Imperial Age
31:33 Chain Barding Armor
31:18 Tusk Swords
32:10 Light Cavalry
33:48 Double Crossbow
34:09 Conscription
34:25 Hoardings
33:55 Devotion
34:38 Elite Battle Elephant
37:56 Blast Furnace
37:32 Plate Barding Armor
36:58 Bracer
36:58 Heavy Scorpion
45:06 Chemistry
44:27 Ballistics
44:13 Siege Engineers
44:19 Masonry
44:05 Murder Holes
44:22 Fortified Wall
43:57 Hussar
67:18 Padded Archer Armor
67:19 Scale Mail Armor
67:29 Pikeman
67:58 Halberdier
DschingisKahl
7:15 Feudal Age
5:48 Loom
11:44 Castle Age
9:31 Loom
10:35 Double-Bit Axe
10:35 Horse Collar
16:58 Bow Saw
20:57 Wheelbarrow
23:01 Heavy Plow
22:39 Pikeman
23:20 Squires
29:39 Imperial Age
28:07 Forging
27:57 Scale Mail Armor
29:48 Iron Casting
29:59 Gold Mining
29:59 Stone Mining
30:28 Chain Mail Armor
30:02 Arson
29:47 Hamask
30:07 Halberdier
31:02 Onager
32:31 Conscription
32:58 Town Watch
34:06 Fletching
33:50 Siege Onager
36:27 Chemistry
35:27 Bodkin Arrow
52:24 Northmen's Fury
54:58 Capped Ram
55:57 Siege Ram
63:21 Blast Furnace
63:25 Plate Mail Armor
68:49 Elite Varangian Guard
Connection lost

Rejoining the realm…

Still unreachable

The connection could not be restored.

Session expired

The server has moved on; the page needs a fresh start.